 Dungeon Crawl Stone Soup version 0.32-a0-705-g60f233581c (webtiles) character file.

Game seed: 9482146800088389188

21 cforsyth the Firebug (level 2, -8/26 HPs)
             Began as a Mountain Dwarf Cinder Acolyte on Mar 14, 2024.
             Was a High Priest of Ignis.
             Mangled by a gnoll
             ... wielding a +0 halberd
              (16 damage)
             ... on level 2 of the Dungeon.
             The game lasted 00:01:30 (1039 turns).

cforsyth the Firebug (MDCA)                         Turns: 1039, Time: 00:01:30

Health: -8/26      AC:  2    Str: 16    XL:     2   Next: 62%
Magic:  3/3        EV: 10    Int: 14    God:    Ignis [*****.]
Gold:   111        SH:  0    Dex:  5    Spells: 3/3 levels left

rFire   + . .        a - -1 hand axe (flame)
rCold   . . .        k - orb {light}
rNeg    . . .        b - +0 robe
rPois   .            (no helmet)
rElec   .            (no cloak)
rCorr   .            (no gloves)
SInv    .            (no boots)
Will    .....        (no amulet)
Stlth   +            (no ring)
HPRegen 0.24/turn    (no ring)
MPRegen 0.08/turn

%: no passive effects
@: glowing
A: runic magic, artefact enchanting
a: Renounce Religion, Fiery Armour, Foxfire Swarm, Rising Flame


You were on level 2 of the Dungeon.
You worshipped Ignis.
Ignis was extremely pleased with you.
You visited 1 branch of the dungeon, and saw 2 of its levels.

You collected 111 gold pieces.


Innate Abilities, Weirdness & Mutations

Your spellcasting is much less encumbered by armour.
You can use scrolls of enchantment on lesser artefacts.


   Skills:
 + Level 3.5 Fighting
 + Level 3.9 Axes
 + Level 1.0 Armour
 + Level 1.2 Spellcasting
 + Level 3.9 Fire Magic


You had 3 spell levels left.
You didn't know any spells.
Your spell library contained the following spells:

 Spells                   Type           Power      Damage    Failure   Level
 Scorch                   Fire           22%        2d5       8%          2
 Necrotise                Necr           0%         1d4       26%         1
 Shock                    Conj/Air       0%         1d3       26%         1
 Frozen Ramparts          Ice            0%         1d1       61%         3
 Ozocubu's Armour         Ice            0%         N/A       61%         3
 Swiftness                Air            0%         N/A       61%         3
 Vampiric Draining        Necr           0%         2d6       61%         3
 Airstrike                Air            0%         2d(0-16)  95%         4
 Martyr's Knell           Necr/Summ      0%         N/A       95%         4
 Curse of Agony           Necr           0%         N/A       100%        5
 Metabolic Englaciation   Hex/Ice        0%         N/A       100%        5

Inventory:

Hand Weapons
 a - a -1 hand axe of flaming (weapon)
Armour
 b - a +0 robe (worn)
 k - an orb of light (worn)
Scrolls
 c - a scroll of butterflies {unknown}
 e - 2 scrolls of revelation {unknown}
 g - a scroll of immolation {unknown}
 h - a scroll of blinking {unknown}
 m - a scroll of poison {unknown}
 n - 2 scrolls of fear {unknown}
 p - a scroll of enchant weapon {unknown}
 r - a scroll of enchant armour {unknown}
Potions
 d - 3 potions of curing {unknown}
 f - a potion of might {unknown}
 i - 2 potions of ambrosia {unknown}
 j - a potion of enlightenment {unknown}
 l - a potion of berserk rage {unknown}
 o - a potion of heal wounds {unknown}
 q - a potion of invisibility {unknown}

Dungeon Overview and Level Annotations

Branches:
Dungeon (2/15)

Altars:
Makhleb

#.# .....(...................#
#.# #####...†.g.........)..###
#.###### #..................#
#......# #..................###
#......# #.....................
#......# ###.#........).........#
##[....###...#....g..............
####....#.#.##...lS.............
#.#......###@.g...#.........†
#.##...#....######...#.###..)
#.###.....#.....#..#.#.###...
#.###.##..#####...##.#..###..
#..##.##.............##.# ###
##.....#.....##...)..##.#####
##............................
#...............#..........#..
####...............#..†.<#.......


You could see 3 gnolls, a ball python and a frilled lizard.


Message History

The ball python constricts you.
Unknown command.
The ball python's grasp on you weakens, but your attempt to escape fails.
The ball python bites you. The ball python constricts you.
Unknown command.
Unknown command.
Unknown command.
Unknown command.
Unknown command.
The ball python's grasp on you weakens, but your attempt to escape fails.
The ball python bites you but does no damage.
The ball python constricts you.
The gnoll hits you from afar with a +0 halberd.
* * * LOW HITPOINT WARNING * * *
The frilled lizard bites you but does no damage.
The ball python bites you.
* * * LOW HITPOINT WARNING * * *
The ball python constricts you.
* * * LOW HITPOINT WARNING * * *
Unknown command.
Unknown command.
Unknown command.
Unknown command.
You escape the ball python's grasp.
The frilled lizard misses you.
Unknown command.
The gnoll hits you from afar with a +0 halberd!
Ouch! That really hurt!
You die...
Ignis goes out, and joins you in death.

Skill      XL: |  1  2 |
---------------+-------+-----
Armour         | 1 |  1.0
Fighting       | |  3.5
Axes           | |  3.9
Spellcasting   | |  1.2
Fire Magic     | |  3.9

Action                     || total
---------------------------++-------
  Melee: Hand axe          ||    56
 Armour: Robe              ||    49
  Dodge: Dodged            ||    39

Levels and vault maps discovered:
D:1:      minmay_arrival_checkered_box, layout_basic, hex_large,
          nicolae_eternal_life
D:2:      layout_rooms, basic_altar

Notes
Turn   | Place    | Note
-------+----------+-------------------------------------------
     0 | D:1      | cforsyth the Mountain Dwarf Cinder Acolyte began the quest
                  | for the Orb.
     0 | D:1      | Reached XP level 1. HP: 19/19 MP: 2/2
   344 | D:1      | Reached XP level 2. HP: 20/26 MP: 3/3
   899 | D:2      | Found a burning altar of Makhleb.
  1016 | D:2      | Reached skill level 1 in Armour
  1039 | D:2      | Mangled by a gnoll

Vanquished Creatures
  A ribbon worm (D:2)
  3 bats
  An endoplasm (D:1)
  A giant cockroach (D:1)
  3 hobgoblins
  3 jackals (D:1)
  A kobold (D:2)
  A ball python (D:1)
  A frilled lizard (D:2)
  2 rats (D:1)
17 creatures vanquished.

Table legend: (Time is in decaauts)
 A = Elapsed time spent in this place.
 B = Non-inter-level travel time spent in this place.
 C = Inter-level travel time spent in this place.
 D = Time resting spent in this place.
 E = Time spent auto-exploring this place.
 F = Levels seen in this place.
 G = Mean time per level.
                   A        B        C        D        E       F      G
               +--------+--------+--------+--------+--------+-----+--------+
         Total |   1045 |   1023 |     22 |      0 |    795 |   2 |  522.5 |
       Dungeon |   1045 |   1023 |     22 |      0 |    795 |   2 |  522.5 |
               +--------+--------+--------+--------+--------+-----+--------+

Top non-repeatable levels by time:
     D:1: 697 daAuts
     D:2: 348 daAuts

Table legend:
 A = Non-vault XP
 B = Vault XP
 C = Vault XP percentage of total XP
 D = Non-vault monster count
 E = Vault monster count
 F = Vault count percentage of total count
                 A         B        C        D         E       F
            +---------+---------+-------+---------+---------+-------
      Total |      30 |       0 |   0.0 |      17 |       0 |   0.0
            +---------+---------+-------+---------+---------+-------
        D:1 |      20 |       0 |   0.0 |      12 |       0 |   0.0
        D:2 |      10 |       0 |   0.0 |       5 |       0 |   0.0
            +---------+---------+-------+---------+---------+-------
